 Dungeon Crawl Stone Soup version 0.20-a0-772-g73021bd (webtiles) character file.

124 M4edhros the Poker (level 5, 0/36 HPs)
             Began as an Octopode Chaos Knight on Feb 27, 2017.
             Slain by Sigmund
             ... wielding a +0 scythe
              (12 damage)
             ... on level 2 of the Dungeon.
             The game lasted 00:04:10 (8121 turns).

M4edhros the Poker (Octopode Chaos Knight)          Turns: 8121, Time: 00:04:10

Health: 0/36       AC:  1    Str:  7 (9)  XL:     5   Next: 8%
Magic:  5/5        EV: 13    Int: 15      God:    Xom [......]
Gold:   74         SH:  0    Dex: 12      Spells: 4/4 levels left

rFire    . . .     SeeInvis .   j - +1 dire flail (chaos)
rCold    . . .     Gourm    .   (shield currently unavailable)
rNeg     . . .     Faith    .   (helmet restricted)
rPois    .         Spirit   .   (no amulet)
rElec    .         Reflect  .   t - ring of teleportation (curse)
rCorr    .         Harm     .   (no ring)
MR       .....     Rnd*Tele +   (no ring)
Stlth    ++........             (no ring)
Regen    0.2/turn               (no ring)
MPRegen  0.1/turn               (no ring)
                                (no ring)
                                (no ring)

@: no status effects
A: almost no armour, stealthy swim, amphibious, 8 rings, constrict 8, camouflage
1, deterioration 1, weak 1, gelatinous body 1
a: Renounce Religion


You were on level 2 of the Dungeon.
You worshipped Xom.
You were a very special plaything of Xom.
You were hungry.

You visited 1 branch of the dungeon, and saw 2 of its levels.

You collected 74 gold pieces.

Inventory:

Hand Weapons
 a - a +0 spear of chaos
 j - a +1 dire flail of chaos (weapon)
 o - a +0 hunting sling
 r - a +2 dagger of electrocution
Missiles
 n - 32 sling bullets
 p - 22 stones (quivered)
Jewellery
 t - a cursed ring of teleportation (left tentacle)
Scrolls
 c - 3 scrolls of magic mapping {unknown}
 d - 2 scrolls of enchant armour {unknown}
 g - a scroll of fear {unknown}
 h - a scroll of teleportation
 i - a scroll of amnesia {unknown}
 l - a scroll of random uselessness {unknown}
 m - a scroll of blinking {unknown}
 q - a scroll of recharging {unknown}
Comestibles
 b - 2 bread rations
 f - a royal jelly
 s - a meat ration


   Skills:
 - Level 3.0 Fighting
 + Level 5.6 Polearms
 - Level 2.3 Dodging


You had 4 spell levels left.
You didn't know any spells.

Dungeon Overview and Level Annotations

Branches:
Dungeon (2/15)

Altars:
Cheibriados
Nemelex Xobeh
Ru
Sif Muna
Xom

Annotations:
D:2 Sigmund


Innate Abilities, Weirdness & Mutations

You cannot wear most types of armour.
You are very stealthy in the water. (Stealth+)
You are amphibious.
You can wear up to eight rings at the same time.
You can use your tentacles to constrict eight enemies at once.
Your skin changes colour to match your surroundings (Stealth+).
Your rubbery body absorbs attacks. (AC +1, EV +1)
Your body sometimes deteriorates upon taking damage.
You are weak. (Str -2)


Message History

You aren't carrying any items that you can evoke without wielding.
Okay, then.
It was a potion of heal wounds.
You feel much better.
You constrict Sigmund. The gnoll hits you with a spear.
You hit Sigmund.
Sigmund appears momentarily distorted!
Sigmund is severely wounded.
You constrict Sigmund. The gnoll closely misses you.
Sigmund mumbles some strange words.
Sigmund flickers and vanishes!
Deactivating autopickup; reactivate with Ctrl-A.
Unknown command.
The gnoll shouts!
You hit the gnoll.
Frost spreads across the the floor.
You grab the gnoll.
The gnoll is lightly wounded.
You constrict something.
You constrict the gnoll, but do no damage.
Xom decides to shift things around a little.
The gnoll struggles to blink free from constriction.
The gnoll blinks!
The gnoll hits you with a spear. Something hits you!
You die...

#.# ..# #.# #.#
#.# #.##
############..#
#...........{#
##
#.#########@##
.. #.# ##g#.#
##.## #...#
##...## #.§...#
####.....#
....$g.#
..#......#
#.##.....#
#.#..÷...# #
##....#
#.#.#...##
##.#.#
#.#.###### .#>#


You could see 2 gnolls.

Vanquished Creatures
  Terence (D:2)
  A gnoll (D:2)
  An adder (D:2)
  An ooze (D:1)
  A worm (D:2)
  A dart slug (D:1)
  4 leopard geckos
  4 giant cockroaches
  13 goblins
  8 hobgoblins
  5 jackals (D:1)
  A ball python (D:2)
  6 bats
  7 frilled lizards
  3 kobolds
  8 rats
65 creatures vanquished.

Notes
Turn   | Place    | Note
-------+----------+-------------------------------------------
     0 | D:1      | M4edhros the Octopode Chaos Knight began the quest for the Orb.
     0 | D:1      | Reached XP level 1. HP: 16/16 MP: 1/1
    62 | D:1      | XOM: harmless Fire miscast
   875 | D:1      | XOM: divination: magic mapping
   884 | D:1      | Reached XP level 2. HP: 21/21 MP: 2/2
  2159 | D:1      | Reached skill level 4 in Polearms
  2259 | D:1      | XOM: cloud trail
  2285 | D:1      | Reached XP level 3. HP: 16/26 MP: 3/3
  2357 | D:1      | XOM: enchant monster (bad)
  2925 | D:1      | XOM: mild Necr miscast
  3180 | D:1      | XOM: mild Air miscast
  3521 | D:1      | XOM: god gift: runed dire flail {god gift}
  3704 | D:1      | XOM: cloud trail
  4075 | D:1      | XOM: mild Conj miscast
  4396 | D:1      | XOM: scenery: create altars
  4791 | D:1      | XOM: god gift: scroll labeled JIHAB EVYKOI {god gift}
  4849 | D:1      | XOM: harmless Erth miscast
  5071 | D:2      | Found a shimmering altar of Xom.
  5071 | D:2      | Found a sparkling altar of Nemelex Xobeh.
  5074 | D:2      | Reached XP level 4. HP: 30/30 MP: 4/4
  5145 | D:1      | XOM: harmless Fire miscast
  5248 | D:1      | XOM: scenery: create altars
  5777 | D:1      | XOM: summons 2 hostile demons
  5893 | D:2      | XOM: harmless Air miscast
  5895 | D:2      | Found a deep blue altar of Sif Muna.
  5898 | D:2      | Found a sacrificial altar of Ru.
  6443 | D:1      | XOM is BORED!
  6443 | D:1      | XOM: give mutations
  6443 | D:1      | Gained mutation: You are weak. (Str -2) [Xom's mischief]
  6443 | D:1      | Gained mutation: Your body sometimes deteriorates upon taking damage. [Xom's mischief]
  6604 | D:1      | XOM: scenery: create altars
  6611 | D:2      | Found a snail-covered altar of Cheibriados.
  6633 | D:2      | Noticed Terence
  6638 | D:2      | Killed Terence
  6638 | D:2      | Reached skill level 5 in Polearms
  7866 | D:2      | XOM: scenery: create altars
  8102 | D:2      | Noticed Sigmund
  8111 | D:2      | Reached XP level 5. HP: 23/35 MP: 5/5
  8117 | D:2      | XOM: swap monsters
  8118 | D:2      | HP: 1/36 [Sigmund/scythe (6)]
  8121 | D:2      | XOM: blink monster(s)
  8121 | D:2      | Slain by Sigmund

Vault maps used:
D:1:      dpeg_arrival_short_road, minmay_box_of_dots
D:2:      grunt_temple_overflow_open, minmay_pentomino_s2, uniq_sigmund,
          uniq_terence

Skill      XL: |  1  2  3  4 |
---------------+-------------+-----
Polearms       | 4 5 |  5.6
Fighting       | |  3.0
Dodging        | |  2.3

Action                   |  1- 3 |  4- 6 || total
-------------------------+-------+-------++-------
Melee: Spear             |    71 |       ||    71
       Constrict         |    22 |    16 ||    38
       Tentacles         |    11 |     5 ||    16
       Dire flail        |    18 |    49 ||    67
  Use: Scroll            |     1 |       ||     1
       Potion            |       |     3 ||     3
 Stab: Sleeping          |     3 |     4 ||     7
       Paralysed         |       |     1 ||     1
  Eat: Chunk             |    11 |    10 ||    21
Armor: Skin              |    14 |     3 ||    17
Dodge: Dodged            |    43 |    29 ||    72
